AoeStats
← Thranduil16

MegaRandom

509239622Analyzed
2v2 RM · 6d ago on Sep 26, 2026· 51m 48s· 4 players
Game mode
Random Map
Map size
Medium (4 player)
Population
200
Speed
Normal
Resources
Standard
Victory
Conquest
Starting age
Dark Age
Ending age
Imperial Age
RankedLock teamsTeams togetherTeam positionsShared explorationLock speedFull tech treeHidden civsTurbo modeCheats
Victory
Defeat
🇺🇸 Varangians · United States
1041
+13
🇺🇸 Saxons · United States
1024
+14
🇺🇸 Varangians · United States
999
-14
🇬🇧 Saxons · United Kingdom
961
-13
The Invisible Man
9:54 Loom
14:39 Feudal Age
15:28 Town Watch
19:09 Castle Age
29:39 Scale Mail Armor
31:54 Wheelbarrow
31:36 Man-at-Arms
32:02 Gambesons
32:41 Long Swordsman
34:14 Double-Bit Axe
34:13 Horse Collar
34:49 Town Watch
36:37 Chain Mail Armor
36:34 Forging
36:28 Heavy Plow
41:52 Imperial Age
40:07 Iron Casting
40:18 Hand Cart
42:22 Two-Handed Swordsman
43:51 Champion
46:20 Atonement
47:54 Plate Mail Armor
47:54 Squires
cjblikstad
2:55 Loom
11:41 Feudal Age
13:04 Wheelbarrow
13:08 Double-Bit Axe
14:10 Town Watch
22:17 Castle Age
21:17 Forging
21:39 Horse Collar
27:01 Scale Barding Armor
31:19 Heavy Plow
34:28 Hand Cart
37:54 Imperial Age
38:19 Iron Casting
38:06 Chain Barding Armor
40:08 Conscription
40:50 Pikeman
41:31 Squires
44:10 Crop Rotation
43:53 Bow Saw
45:53 Two-Man Saw
45:31 Plate Barding Armor
46:04 Blast Furnace
46:59 Ballistics
46:38 Arson
47:10 Scale Mail Armor
49:34 Chain Mail Armor
50:21 Gambesons
Thranduil16
11:21 Feudal Age
11:38 Loom
11:49 Double-Bit Axe
12:05 Town Watch
13:14 Horse Collar
20:18 Forging
20:14 Scale Barding Armor
25:13 Castle Age
24:13 Bloodlines
25:02 Man-at-Arms
26:04 Gambesons
26:58 Iron Casting
26:23 Scale Mail Armor
26:43 Bow Saw
26:38 Heavy Plow
26:55 Long Swordsman
28:06 Gold Mining
28:48 Light Cavalry
31:35 Wheelbarrow
30:54 Stone Mining
35:58 Gold Shaft Mining
39:37 Imperial Age
39:10 Chain Mail Armor
40:53 Conscription
41:43 Two-Handed Swordsman
49:33 Pikeman
Holy Order of PIZZASALAD
7:41 Loom
11:54 Feudal Age
12:24 Double-Bit Axe
19:09 Horse Collar
20:57 Stone Mining
24:13 Castle Age
26:04 Squires
25:51 Arson
26:21 Forging
26:11 Scale Mail Armor
26:45 Bow Saw
28:06 Wheelbarrow
27:25 Town Watch
33:12 Chain Mail Armor
35:26 Hand Cart
35:24 Heavy Plow
39:44 Imperial Age
43:47 Conscription
48:17 Fervor
49:06 Crop Rotation
49:53 Gothikon
51:17 Iron Casting
51:25 Elite Varangian Guard
Connection lost

Rejoining the realm…

Still unreachable

The connection could not be restored.

Session expired

The server has moved on; the page needs a fresh start.